 Dungeon Crawl Stone Soup version 0.24-a0-459-g225fefd530 (webtiles) character file.

Game seed: 16795521648911431173

18234 Gildeon the Archer (level 12, 0/103 HPs)
             Began as a Minotaur Hunter on May 27, 2019.
             Was a High Priest of Okawaru.
             Slain by a swamp worm (15 damage)
             ... on level 2 of the Lair of Beasts on June 29, 2019.
             The game lasted 01:19:27 (11600 turns).

Gildeon the Archer (Minotaur Hunter)               Turns: 11600, Time: 01:19:28

Health: 0/103      AC: 17    Str: 18    XL:     12   Next: 25%
Magic:  14/14      EV: 15    Int: 10    God:    Okawaru [*****.]
Gold:   815        SH:  0    Dex: 15    Spells: 11/15 levels left

rFire    . . .     SeeInvis .   a - +2 shortbow (velocity)
rCold    + . .     Gourm    .   (shield currently unavailable)
rNeg     . . .     Faith    .   A - quicksilver dragon scales
rPois    .         Spirit   .   (helmet restricted)
rElec    .         Reflect  .   y - +2 cloak
rCorr    .         Harm     .   (no gloves)
MR       +....                  (no boots)
Stlth    +.........             (no amulet)
HPRegen  0.27/turn              z - ring of protection from cold
MPRegen  0.14/turn              (no ring)

@: studying Armour
A: retaliatory headbutt, horns 2, clever 1, sense surroundings 1, subdued magic
1
a: Heroism, Finesse, Renounce Religion


You were on level 2 of the Lair of Beasts.
You worshipped Okawaru.
Okawaru was extremely pleased with you.
You were not hungry.

You visited 3 branches of the dungeon, and saw 13 of its levels.

You collected 899 gold pieces.
You spent 84 gold pieces at shops.

Inventory:

Hand Weapons
 a - a +2 shortbow of velocity (weapon)
 b - a +1 flail of crushing
 w - the +9 hand axe of Shrieking Terror {flame, Dex+8}
   (You found it on level 7 of the Dungeon)

   It has been specially enchanted to burn those struck by it, causing extra
   injury to most foes and up to half again as much damage against particularly
   susceptible opponents.
   Big, fiery blades are also staple armaments of hydra-hunters.
   It affects your dexterity (+8).
Missiles
 E - 96 arrows (quivered)
Armour
 y - a +2 cloak (worn)
 A - quicksilver dragon scales (worn)
Jewellery
 h - an uncursed ring of ice
 z - a ring of protection from cold (left hand)
 M - an uncursed ring of ice
Wands
 o - a wand of digging (3)
 G - a wand of enslavement (1)
 J - a wand of random effects (31)
 K - a wand of disintegration (13)
 L - a wand of iceblast (7)
Scrolls
 c - a scroll of summoning
 d - 3 scrolls of blinking
 g - 2 scrolls of teleportation
 i - a scroll of enchant armour
 j - a scroll of torment {unknown}
 m - 4 scrolls of amnesia
 q - 5 scrolls of remove curse
 r - 2 scrolls of fog
 u - a scroll of magic mapping
 F - a scroll of random uselessness {unknown}
Potions
 e - 2 potions of flight
 k - a potion of brilliance
 l - 2 potions of curing
 n - a potion of magic
 p - a potion of berserk rage
 s - 3 potions of cancellation
 t - a potion of heal wounds
 v - a potion of resistance
 x - a potion of invisibility
 B - a potion of haste
 D - 3 potions of might
 I - 2 potions of lignification {unknown}
Books
 C - a manual of Armour
Comestibles
 f - 14 rations
 H - 4 chunks of flesh


   Skills:
 + Level 8.7 Fighting
 - Level 7.0 Maces & Flails
 - Level 14.0 Bows
 - Level 1.4 Throwing
 + Level 11.9 Armour
 + Level 6.4 Dodging
 - Level 0.7 Stealth
 - Level 2.3 Spellcasting
 - Level 2.1 Hexes
 - Level 2.0 Translocations
 - Level 4.1 Invocations
 - Level 4.0 Evocations


You had 11 spell levels left.
You knew the following spells:

 Your Spells              Type           Power        Failure   Level  Hunger
a - Blink                 Tloc           N/A          26%         2    ###....
b - Slow                  Hex            #.......     24%         2    ###....

Your spell library contained the following spells:

 Spells                   Type           Power        Failure   Level  Hunger
 Confusing Touch          Hex            #.....       16%         1    ##.....
 Beastly Appendage        Tmut           #.....       36%         1    ##.....
 Magic Dart               Conj           #...         36%         1    ##.....
 Confuse                  Hex            #.......     45%         3    ####...
 Gell's Gravitas          Tloc           #.........   47%         3    ####...
 Call Imp                 Summ           #.......     52%         2    ###....
 Sticks to Snakes         Tmut           #.......     52%         2    ###....
 Recall                   Summ/Tloc      N/A          61%         3    ####...
 Conjure Flame            Conj/Fire      #.......     77%         3    ####...
 Mephitic Cloud           Conj/Pois/Air  #.......     77%         3    ####...
 Spider Form              Tmut/Pois      #.........   77%         3    ####...
 Animate Dead             Necr           N/A          99%         4    #####..
 Ice Form                 Ice/Tmut       #.......     99%         4    #####..
 Petrify                  Tmut/Erth      #.......     99%         4    #####..
 Blade Hands              Tmut           #.........   100%        5    ######.
 Borgnjor's Vile Clutch   Necr/Erth      #.........   100%        5    ######.
 Metabolic Englaciation   Hex/Ice        #.........   100%        5    ######.
 Yara's Violent Unravell  Hex/Tmut       #.........   100%        5    ######.
 Death Channel            Necr           #.........   100%        6    #######
 Simulacrum               Ice/Necr       #.........   100%        6    #######


Dungeon Overview and Level Annotations

Branches:
Dungeon (10/15)            Temple (1/1) D:7            Lair (2/6) D:10
  Swamp: Lair:2-4    Shoals: Lair:2-4     Snake: Lair:2-4    Spider: Lair:2-4
    Orc: D:9-12

Altars:
Ashenzari
Cheibriados
Dithmenos
Elyvilon
Fedhas
Gozag
Hepliaklqana
Kikubaaqudgha
Makhleb
Nemelex Xobeh
Okawaru
Qazlal
Ru
Sif Muna
Trog
Uskayaw
Vehumet
Wu Jian
Xom
Yredelemnul
Zin
The Shining One

Shops:
D:6 ?

Annotations:
Lair:2 2 transporters, Ratty's ghost, journeyman DENe


Innate Abilities, Weirdness & Mutations

You reflexively headbutt those who attack you in melee.
You have a pair of horns on your head.
Your mind is acute. (Int +2)
You passively map a small area around you.
Your spells are a little easier to cast, but a little less powerful.


Message History

The arrow closely misses the swamp worm.
The swamp worm barely misses you.
Firing (i - inventory)
E - 97 arrows (quivered)
Press: ? - help, Shift-Dir - straight line, f/p - swamp worm
Aim: a swamp worm (heavily wounded)
You shoot an arrow. The arrow hits the swamp worm.
The swamp worm is heavily wounded.
Evoke which item? (* to show all) (? for menu, Esc to quit)
Aiming: Random Effects
Press: ? - help, Shift-Dir - straight line, f/p - swamp worm
Aim: a swamp worm (heavily wounded)
The swamp worm seems to speed up.
The swamp worm bites you but does no damage.
The swamp worm bites you!
* * * LOW HITPOINT WARNING * * *
A swamp worm is nearby!
You feel better. The swamp worm bites you!
* * * LOW HITPOINT WARNING * * *
The swamp worm bites you!
You die...

, #..................#
#.. *
.....#......##.>..###..
#............###....#...
......#.......####.##...
######.......#####.###..
P#####.......#≈#...##...
...........≈≈≈≈≈≈≈......
........(≈≈≈(≈≈≈≈≈≈≈....
.......@≈≈≈#######≈≈≈..÷
##.P..w#≈≈≈# ≈≈ ##≈≈...
.....#.#≈≈≈≈≈≈≈ ≈#≈≈...
#......#≈≈P#≈≈≈≈ #≈≈...
........≈≈≈#### *#≈≈≈...
, .#......≈≈≈≈≈ ≈≈≈≈....
,.......#..≈≈ ≈≈≈##....
...... .(#.. ...*#.... ,
, .....


You could see a swamp worm.

Vanquished Creatures
  Fannar (Lair:2)
  4 hydras
  Erica (Lair:2)
  A two-headed ogre (D:8)
  A spiny frog (Lair:2)
  2 komodo dragons (Lair:1)
  A kobold demonologist (D:10)
  2 trolls (D:10)
  4 tyrant leeches (Lair:2)
  3 hippogriffs
  Sigmund (D:6)
  A wraith (D:10)
  A spriggan (D:9)
  20 yaks
  A basilisk (D:10)
  3 swamp worms (Lair:2)
  4 water moccasins
  An acid dragon (D:9)
  6 porcupines
  An orc warrior (D:10)
  4 black bears
  4 ice beasts
  4 sky beasts
  A necrophage (D:7)
  4 ogres
  4 phantoms
  5 wolves
  4 centaurs
  3 crocodiles (D:10)
  9 bullfrogs
  A big kobold (D:7)
  4 scorpions
  A wyvern skeleton (D:10)
  3 killer bees (D:7)
  5 wights (D:8)
  An electric eel (D:7)
  5 howler monkeys
  10 hounds
  7 orc priests
  A quasit (D:10)
  A gnoll shaman (D:7)
  7 orc wizards
  10 worker ants
  Natasha (thrice) (D:2)
  A killer bee zombie (D:9)
  A hound zombie (D:6)
  6 gnolls
  A howler monkey skeleton (D:3)
  7 adders
  3 shadow imps (D:5)
  2 worms
  6 leopard geckos
  32 orcs
  2 ball pythons (D:2)
  5 bats
  6 giant cockroaches
  11 goblins
  12 hobgoblins
  11 jackals
  13 kobolds
  3 quokkas
  3 frilled lizards
  A leopard gecko skeleton (D:6)
  A leopard gecko zombie (D:7)
  A quokka skeleton (D:4)
  7 rats
  2 plants (D:10)
297 creatures vanquished.

Vanquished Creatures (collateral kills)
  An orc wizard (D:10)
1 creature vanquished.

Vanquished Creatures (others)
  A killer bee (D:7)
  3 fungi (Lair:2)
  5 plants (Lair:2)
9 creatures vanquished.

Grand Total: 307 creatures vanquished

Notes
Turn   | Place    | Note
-------+----------+-------------------------------------------
     0 | D:1      | Gildeon the Minotaur Hunter began the quest for the Orb.
     0 | D:1      | Reached XP level 1. HP: 18/18 MP: 0/0
   112 | D:1      | Reached XP level 2. HP: 25/25 MP: 1/1
   119 | D:1      | Reached skill level 1 in Armour
   388 | D:1      | Reached skill level 5 in Bows
   532 | D:1      | Reached XP level 3. HP: 31/31 MP: 2/2
   766 | D:2      | Reached XP level 4. HP: 23/38 MP: 3/3
   860 | D:2      | Noticed Natasha
   867 | D:2      | Killed Natasha
  1002 | D:2      | Noticed Natasha
  1019 | D:2      | Killed Natasha
  1019 | D:2      | Reached XP level 5. HP: 46/46 MP: 4/4
  1019 | D:2      | Noticed Natasha
  1024 | D:2      | Killed Natasha
  1180 | D:2      | Reached skill level 6 in Bows
  1840 | D:4      | Reached XP level 6. HP: 38/53 MP: 5/5
  1878 | D:4      | Upgraded the game from 0.24-a0-365-ga4d96b6e6e to
                  | 0.24-a0-375-g4de66ed42b
  2175 | D:4      | You fall into a shaft and drop 1 floor!
  2175 | D:5      | Entered Level 5 of the Dungeon
  2367 | D:5      | Noticed a sky beast
  2389 | D:5      | Killed a sky beast
  2389 | D:5      | Reached skill level 7 in Bows
  2993 | D:5      | Reached skill level 5 in Fighting
  3024 | D:4      | Reached XP level 7. HP: 61/61 MP: 6/6
  3107 | D:4      | Reached skill level 1 in Maces & Flails
  3153 | D:4      | Upgraded the game from 0.24-a0-375-g4de66ed42b to
                  | 0.24-a0-378-g94936e539c
  3156 | D:4      | Found a white marble altar of Elyvilon.
  3492 | D:5      | Reached skill level 8 in Bows
  3572 | D:5      | Reached skill level 5 in Armour
  4267 | D:6      | Reached XP level 8. HP: 68/68 MP: 7/7
  4413 | D:6      | Reached skill level 9 in Bows
  4413 | D:6      | Reached skill level 1 in Evocations
  4457 | D:6      | Found Uvaibbor's Magic Scroll Shoppe.
  4504 | D:6      | Bought a scroll of noise for 12 gold pieces
  4504 | D:6      | Bought 2 scrolls of identify for 48 gold pieces
  4504 | D:6      | Bought a scroll of identify for 24 gold pieces
  4585 | D:6      | Noticed Sigmund
  4591 | D:6      | Killed Sigmund
  4602 | D:6      | Upgraded the game from 0.24-a0-378-g94936e539c to
                  | 0.24-a0-397-g73b976d855
  4787 | D:6      | Reached skill level 10 in Bows
  5245 | D:7      | Reached XP level 9. HP: 46/74 MP: 9/9
  5432 | D:7      | Upgraded the game from 0.24-a0-397-g73b976d855 to
                  | 0.24-a0-434-gd57e52fea8
  5538 | D:7      | Upgraded the game from 0.24-a0-434-gd57e52fea8 to
                  | 0.24-a0-459-g225fefd530
  5584 | D:7      | Reached skill level 5 in Dodging
  5651 | D:7      | Got a twisted hand axe
  5744 | D:7      | Reached skill level 11 in Bows
  6022 | D:7      | Identified the +9 hand axe of Shrieking Terror {flame,
                  | Dex+8} (You found it on level 7 of the Dungeon)
  6027 | D:7      | Learned a level 2 spell: Blink
  6030 | D:7      | Learned a level 2 spell: Slow
  6213 | D:7      | Found a staircase to the Ecumenical Temple.
  6219 | Temple   | Entered the Ecumenical Temple
  6241 | Temple   | Became a worshipper of Warmaster Okawaru
  6629 | D:8      | Noticed a two-headed ogre
  6635 | D:8      | Killed a two-headed ogre
  6635 | D:8      | Reached skill level 12 in Bows
  6678 | D:8      | Reached XP level 10. HP: 81/81 MP: 10/10
  6711 | D:8      | Reached skill level 1 in Invocations
  6715 | D:8      | Reached * piety under Okawaru
  7066 | D:9      | Found an iron altar of Okawaru.
  7126 | D:9      | Reached skill level 1 in Spellcasting
  7198 | D:9      | Reached skill level 13 in Bows
  7201 | D:9      | Reached ** piety under Okawaru
  7563 | D:9      | Reached skill level 1 in Translocations
  7614 | D:9      | Reached skill level 1 in Hexes
  7975 | D:10     | Entered Level 10 of the Dungeon
  7976 | D:10     | Gained mutation: Your spells are a little easier to cast,
                  | but a little less powerful. [potion of mutation]
  7976 | D:10     | Gained mutation: Your mind is acute. (Int +2) [potion of
                  | mutation]
  7976 | D:10     | Gained mutation: You passively map a small area around you.
                  | [potion of mutation]
  8013 | D:10     | Reached skill level 5 in Maces & Flails
  8054 | D:10     | Reached *** piety under Okawaru
  8054 | D:10     | Reached skill level 1 in Throwing
  8581 | D:10     | Reached skill level 14 in Bows
  8592 | D:10     | Reached XP level 11. HP: 86/89 MP: 11/11
  8613 | D:10     | Reached **** piety under Okawaru
  8965 | D:10     | Found a staircase to the Lair.
  9032 | D:10     | Received a gift from Okawaru
  9284 | D:10     | Reached skill level 10 in Armour
  9561 | Lair:1   | Entered Level 1 of the Lair of Beasts
  9608 | Lair:1   | Noticed a four-headed hydra
  9622 | Lair:1   | Killed a three-headed hydra
 10003 | Lair:1   | Noticed a five-headed hydra
 10024 | Lair:1   | Killed a one-headed hydra
 10036 | Lair:1   | Reached ***** piety under Okawaru
 10523 | Lair:2   | Received a gift from Okawaru
 10551 | Lair:2   | Noticed Fannar
 10581 | Lair:2   | Killed Fannar
 10631 | Lair:2   | Noticed an eight-headed hydra
 10639 | Lair:2   | Killed an eight-headed hydra
 10643 | Lair:2   | Noticed Ratty's ghost (journeyman DENe)
 10662 | Lair:2   | Noticed Erica
 10666 | Lair:2   | Killed Erica
 10666 | Lair:2   | Received a gift from Okawaru
 10666 | Lair:2   | Reached XP level 12. HP: 56/101 MP: 14/14
 10686 | Lair:2   | Noticed a seven-headed hydra
 10699 | Lair:2   | HP: 3/101 [six-headed hydra (5)]
 10707 | Lair:2   | Killed a two-headed hydra
 10707 | Lair:2   | Received a gift from Okawaru
 10873 | Lair:2   | Found a transporter.
 10877 | Lair:2   | Found a transporter.
 11600 | Lair:2   | Slain by a swamp worm

Levels and vault maps discovered:
D:1:      psy_arrival_dodecagon, layout_loops_cross
D:2:      layout_rooms, grunt_ministairs_10, uniq_natasha
D:3:      cheibrodos_old_hovel, layout_rooms, first_ration
D:4:      layout_cave_pools, elyvilon_altar_4
D:5:      layout_basic, st_stairs_7
D:6:      layout_basic, serial_shops, shop, minmay_manual_macuahuitl,
          uniq_sigmund
D:7:      layout_basic, minmay_temple_entry_purple_smoke, minivault_4
D:8:      layout_cave_pools
D:9:      layout_irregular_city, grunt_pizzeria, kennysheep_okawaru_gauntlet
D:10:     layout_basic, minmay_lair_entry_grove
Temple:   grunt_wide_crystal_templ
Lair:1:   layout_cave_pods
Lair:2:   layout_regular_city, dummy_snake_entry, gammafunk_ghost_hive,
          worms_lemuel, uniq_erica, uniq_fannar

Skill      XL: |  1  2  3  4  5  6  7  8  9 10 11 12 |
---------------+-------------------------------------+-----
Armour         | 1 2 3 4 5 8 11 | 11.9
Fighting       | 3 4 5 6 8 |  8.7
Bows           | 5 6 7 8 10 12 14 | 14.0
Maces & Flails | 2 3 4 6 7 |  7.0
Evocations     | 2 4 |  4.0
Dodging        | 4 5 6 |  6.4
Invocations    | 2 4 |  4.1
Spellcasting   | 1 2 |  2.3
Translocations | 1 2 |  2.0
Hexes          | 1 2 |  2.1
Throwing       | 1 |  1.4
Stealth        | |  0.7

Action                   |  1- 3 |  4- 6 |  7- 9 | 10-12 || total
-------------------------+-------+-------+-------+-------++-------
Melee: Short sword       |     2 |       |       |       ||     2
       Club              |     1 |       |       |       ||     1
       Flail             |       |       |    89 |     3 ||    92
       Headbutt          |       |       |    23 |    31 ||    54
       Mace              |       |       |       |    65 ||    65
       Shortbow          |       |       |       |     6 ||     6
       Hand axe          |       |       |       |    13 ||    13
 Fire: Shortbow          |    85 |   186 |   312 |   677 ||  1260
Evoke: Wand              |       |       |     3 |    18 ||    21
  Use: Scroll            |       |    12 |     9 |     3 ||    24
       Potion            |       |       |       |     5 ||     5
  Eat: Chunk             |       |     5 |     4 |    11 ||    20
       Ration            |       |     1 |     2 |     1 ||     4
Armor: Leather armour    |     8 |    15 |       |       ||    23
       Quicksilver drago |       |       |   149 |   141 ||   290
Dodge: Dodged            |    33 |    43 |   170 |   205 ||   451

Table legend:
 A = Non-vault XP
 B = Vault XP
 C = Vault XP percentage of total XP
 D = Non-vault monster count
 E = Vault monster count
 F = Vault count percentage of total count
                 A         B        C        D         E       F
            +---------+---------+-------+---------+---------+-------
      Total |   20156 |    5893 |  22.6 |     263 |      34 |  11.4
            +---------+---------+-------+---------+---------+-------
        D:1 |      44 |       0 |   0.0 |      25 |       0 |   0.0
        D:2 |     162 |      36 |  18.2 |      28 |       3 |   9.7
        D:3 |      48 |       1 |   2.0 |      12 |       1 |   7.7
        D:4 |     428 |       0 |   0.0 |      11 |       0 |   0.0
        D:5 |     660 |       0 |   0.0 |      24 |       0 |   0.0
        D:6 |     770 |     492 |  39.0 |      15 |       5 |  25.0
        D:7 |    1610 |       0 |   0.0 |      49 |       0 |   0.0
        D:8 |    1837 |       0 |   0.0 |      12 |       0 |   0.0
        D:9 |    2037 |     215 |   9.5 |      20 |       3 |  13.0
       D:10 |    4833 |    1586 |  24.7 |      44 |      13 |  22.8
     Lair:1 |    4365 |       0 |   0.0 |      14 |       0 |   0.0
     Lair:2 |    3362 |    3563 |  51.5 |       9 |       9 |  50.0
            +---------+---------+-------+---------+---------+-------
